 Dungeon Crawl Stone Soup version 0.19-a0-1292-g796ee4d (webtiles) character file.

2 Duffy the Magician (level 1, -3/15 HPs)
             Began as a Formicid Wanderer on Aug 30, 2016.
             Killed by divine providence
             ... invoked by an orc priest
              (15 damage)
             ... on level 8 of the Dungeon.
             The game lasted 00:00:22 (45 turns).

Duffy the Magician (Formicid Wanderer)                Turns: 45, Time: 00:00:23

Health: -3/15      AC:  2    Str: 14    XL:     1   Next: 33%
Magic:  4/4        EV: 11    Int: 12    God:
Gold:   0          SH:  0    Dex: 11    Spells: 0 memorised, 6 levels left

rFire  . . .     SeeInvis +     a - +2 spear
rCold  . . .     Gourm    .     d - +0 robe
rNeg   . . .     Faith    .     (no shield)
rPois  .         Spirit   .     (helmet unavailable)
rElec  .         Dismiss  .     (no cloak)
rCorr  .         Reflect  .     (no gloves)
MR     .....     Harm     .     (no boots)
Stlth  +.........               (no amulet)
                                (no ring)
                                (no ring)

@: no status effects
A: permanent stasis, dig shafts and tunnels, four strong arms, antennae 3
a: Dig, Shaft Self


You were on level 8 of the Dungeon.
You were not hungry.

You visited 1 branch of the dungeon, and saw 5 of its levels.

Inventory:

Hand Weapons
 a - a +2 spear (weapon)
 e - the +5 demon whip "Spellbinder" {antimagic, MR+}
   (You found it on level 8 of the Dungeon)

   It reduces the magical energy of the wielder, and disrupts the spells and
   magical abilities of those hit.
   Natural abilities and divine invocations are not affected.
   It affects your resistance to hostile enchantments.
Armour
 d - a +0 robe (worn)
Books
 b - the Handbook of the Escort

   Spells                             Type                      Level
   a - Summon Butterflies             Summoning                    1
   b - Call Canine Familiar           Summoning                    3
 c - the Disquisition on Creation

   Spells                             Type                      Level
   a - Summon Small Mammal            Summoning                    1
   b - Recall                         Summoning/Translocation      3
Comestibles
 f - a bread ration


   Skills:
 - Level 1.1 Fighting
 + Level 0.6 Polearms
 - Level 1.0 Throwing
 - Level 2.1 Armour
   Level 1.2 Shields
 - Level 3.2 Spellcasting
   Level 1.1 Transmutations
   Level 1.2 Earth Magic


You had 6 spell levels left.
You didn't know any spells.

Dungeon Overview and Level Annotations

Branches:
Dungeon (6/15)
 Temple: D:4-7

Altars:


Innate Abilities, Weirdness & Mutations

You are under a permanent stasis effect.
You can dig through walls and to a lower floor.
Your four strong arms can wield two-handed weapons with a shield.
You have a pair of large antennae on your head. (SInv)


Message History

An orc and an orc priest come into view.
The orc shouts!
The orc priest shouts!
Found the +5 demon whip "Spellbinder" {antimagic, MR+}.
Unknown command.
You extend your mandibles.
You dig through the rock wall.
You retract your mandibles.
An orc warrior comes into view. It is wielding a scimitar.
The orc warrior shouts!
Found 19 gold pieces.
An orc wizard comes into view. It is wielding a dagger of venom.
The orc wizard shouts!
You see here the +5 demon whip "Spellbinder" {antimagic, MR+}.
e - the +5 demon whip "Spellbinder" {antimagic, MR+} The orc priest hits you with a hand axe.
A sky beast comes into view.
The orc priest mumbles some strange prayers to Beogh against you.
Beogh smites you!
Ouch! That really hurt!
You die...

#########
#.@.....#
##.......#
#...oo...#
##.....o.#
#..........
#......o...
###......$Y
#.......#
.........


You could see an orc warrior, an orc priest, an orc wizard and an orc.

Vanquished Creatures
  3 rats
3 creatures vanquished.

Notes
Turn   | Place    | Note
-------+----------+-------------------------------------------
     0 | D:1      | Duffy the Formicid Wanderer began the quest for the Orb.
     0 | D:1      | Duffy set off with: a +2 spear, the Handbook of the Escort, the Disquisition on Creation, a +0 robe, a bread ration
     0 | D:1      | Reached XP level 1. HP: 15/15 MP: 4/4
    21 | D:1      | You fall through a shaft!
    25 | D:2      | You fall through a shaft!
    36 | D:3      | You fall through a shaft for 3 floors!
    39 | D:6      | You fall through a shaft for 2 floors!
    39 | D:8      | Noticed an orc priest
    42 | D:8      | Noticed an orc warrior
    43 | D:8      | Noticed an orc wizard
    45 | D:8      | Noticed a sky beast
    45 | D:8      | Killed from afar by an orc priest

Vault maps used:
D:1:      dpeg_arrival_round_a, minivault_4, minivault_14, minmay_pentomino_r4
D:2:      ecumenical_altar_2, kennysheep_big_empty_room, uniq_sigmund
D:6:      serial_shops, nicolae_shop_statue_plus, grunt_decor_cap

Action                   || total
-------------------------++-------
Melee: Spear             ||     3
 Abil: Shaft Self        ||     4
       Dig               ||     2
 Stab: Sleeping          ||     1
Dodge: Dodged            ||     1
